 Dungeon Crawl Stone Soup version 0.21-a0-538-gd16b88a (webtiles) character file.

163 Bluekicks the Conjurer (level 5, -18/42 HPs)
             Began as a Deep Elf Conjurer on Dec 16, 2017.
             Killed from afar by a jackal (43 damage)
             ... with an exploding inner flame
             ... hexed by the player character
             ... on level 3 of the Dungeon.
             The game lasted 00:37:30 (2433 turns).

Bluekicks the Conjurer (Deep Elf Conjurer)          Turns: 2433, Time: 00:37:32

Health: -18/42     AC: 29    Str:  5    XL:     5   Next: 20%
Magic:  0/14       EV:  2    Int: 21    God:
Gold:   184        SH:  0    Dex: 15    Spells: 6/14 levels left

rFire    . . .     SeeInvis .   i - +0 dagger (protect)
rCold    . . .     Gourm    .   (no shield)
rNeg     + + +     Faith    .   (armour currently unavailable)
rPois    +         Spirit   .   (helmet currently unavailable)
rElec    .         Reflect  .   (cloak currently unavailable)
rCorr    .         Harm     .   (gloves currently unavailable)
MR       .....     NoTele   +   (boots currently unavailable)
Stlth    ++........             (no amulet)
HPRegen  0.14/turn              (no ring)
MPRegen  0.14/turn              (no ring)

@: lethally poisoned (-18 -> -29), tree-form (expiring), protection aura, very
slightly contaminated
A: no striking features
a: no special abilities


You were on level 3 of the Dungeon.
You were not hungry.
You were a tree.
You visited 1 branch of the dungeon, and saw 3 of its levels.

You collected 184 gold pieces.

Inventory:

Hand Weapons
 d - a +0 dagger
 g - a +0 spear
 i - a +0 dagger of protection (weapon)
Missiles
 e - 51 arrows
Armour
 a - a +0 robe (melded)
 l - a +0 robe
Wands
 p - a wand of acid (11)
Scrolls
 m - 2 scrolls of immolation
 o - 2 scrolls of teleportation
 q - a scroll of remove curse
Potions
 f - 2 potions of ambrosia
 n - 2 potions of curing
Books
 b - a book of Conjurations

   Spells                             Type                      Level
   a - Magic Dart                     Conjuration                  1
   b - Searing Ray                    Conjuration                  2
   c - Dazzling Spray                 Conjuration/Hexes            3
   d - Fulminant Prism                Conjuration/Hexes            4
   e - Force Lance                    Conjuration/Translocation    4
   f - Iskenderun's Mystic Blast      Conjuration                  4
 k - a book of Cantrips

   Spells                             Type                      Level
   a - Confusing Touch                Hexes                        1
   b - Animate Skeleton               Necromancy                   1
   c - Summon Small Mammal            Summoning                    1
   d - Apportation                    Translocation                1
Comestibles
 c - 2 bread rations
 h - 2 royal jellies


   Skills:
 + Level 2.7 Dodging
 + Level 3.1 Stealth
 * Level 5.3 Spellcasting
 * Level 5.7 Conjurations


You had 6 spell levels left.
You knew the following spells:

 Your Spells              Type           Power        Failure   Level  Hunger
a - Magic Dart            Conj           ####         1%          1    None
b - Searing Ray           Conj           ####..       1%          2    None
c - Animate Skeleton      Necr           N/A          11%         1    None
d - Iskenderun's Mystic   Conj           ####....     10%         4    ####...


Dungeon Overview and Level Annotations

Branches:
Dungeon (3/15)

Altars:
Zin


Message History

Aim: an orc wizard, wielding a dagger and wearing a robe (almost dead, inner flame)
The magic dart hits the orc wizard.
The orc wizard explodes!
The fiery explosion engulfs the jackal.
The jackal explodes!
The fiery explosion engulfs the orc.
The orc explodes!
The fiery explosion engulfs something.
The fiery explosion engulfs the orc.
The orc explodes!
Reactivating autopickup.
Your Spellcasting skill increases to level 5!
You have reached level 5!
You feel a bit more experienced. The fiery explosion engulfs you!
The fiery explosion engulfs the jackal.
The jackal explodes!
The fiery explosion engulfs the orc.
The orc explodes!
The fiery explosion engulfs you!
Ouch! That really hurt!
You die...

...................# #...
h........................>###...
h........................#...##..
#......................####......
o....................)## ###....
..............§§§.....##### ###..
..........o..#.§§§....#...# ###..
........†...§###§..##.#...#.?##..
....†......§§§§§♣§.''.'._.#..##..
............§###§§.##.#...#.?##..
.............# #.§.##.#...# ###..
.............# #...######## ###..
...............#...# ###....
.)..##########.############......
#### ... ............... ...
..####.####### ### #.#


There were no monsters in sight!

Vanquished Creatures
  An orc wizard (D:3)
  3 adders
  4 worms
  4 dart slugs
  2 leopard geckos (D:2)
  5 orcs (D:3)
  6 bats
  6 giant cockroaches
  7 goblins
  8 hobgoblins
  7 jackals
  A quokka (D:3)
  A ball python (D:2)
  3 frilled lizards
  8 kobolds
  15 rats
81 creatures vanquished.

Notes
Turn   | Place    | Note
-------+----------+-------------------------------------------
     0 | D:1      | Bluekicks the Deep Elf Conjurer began the quest for the Orb.
     0 | D:1      | Reached XP level 1. HP: 10/10 MP: 6/6
   158 | D:1      | Reached XP level 2. HP: 11/15 MP: 0/8
   332 | D:1      | Learned a level 2 spell: Searing Ray
   581 | D:1      | Reached skill level 5 in Conjurations
   777 | D:1      | Reached XP level 3. HP: 19/19 MP: 4/9
  1535 | D:2      | Reached XP level 4. HP: 24/24 MP: 2/12
  2036 | D:3      | Learned a level 1 spell: Animate Skeleton
  2041 | D:3      | Learned a level 4 spell: Iskenderun's Mystic Blast
  2280 | D:3      | Found a glowing silver altar of Zin.
  2433 | D:3      | Reached skill level 5 in Spellcasting
  2433 | D:3      | Reached XP level 5. HP: 25/28 MP: 0/14
  2433 | D:3      | Killed from afar by a jackal

Vault maps used:
D:1:      dpeg_arrival_tiny_a
D:2:      first_bread
D:3:      zin_scriptorium, uniq_terence

Skill      XL: |  1  2  3  4 |
---------------+-------------+-----
Conjurations   | 5 |  5.7
Spellcasting   | 4 5 |  5.3
Stealth        | 3 |  3.1
Dodging        | |  2.7

Action                   |  1- 3 |  4- 6 || total
-------------------------+-------+-------++-------
Melee: Dagger            |     2 |    30 ||    32
       Spear             |    16 |       ||    16
 Cast: Magic Dart        |    64 |    61 ||   125
       Searing Ray       |    12 |     5 ||    17
  Use: Scroll            |     3 |     5 ||     8
       Potion            |     2 |     2 ||     4
 Stab: Invisible         |     1 |       ||     1
  Eat: Chunk             |     1 |     2 ||     3
       Meat ration       |       |     1 ||     1
       Fruit             |       |     1 ||     1
Armor: Chain mail        |    12 |       ||    12
       Skin              |       |    34 ||    34
       Robe              |       |     9 ||     9
Dodge: Dodged            |     8 |    23 ||    31

Table legend:
 A = Spawn XP
 B = Non-spawn XP
 C = Spawn XP percentage of total XP
 D = Spawn monster count
 E = Non-spawn monster count
 F = Spawn count percentage of total count
 G = Total turns spent on level
                    A         B        C        D         E        F      G
               +---------+---------+-------+---------+---------+-------+---------
         Total |       0 |     233 |   0.0 |       0 |      81 |   0.0 |  2433
               +---------+---------+-------+---------+---------+-------+---------
           D:1 |       0 |      46 |   0.0 |       0 |      26 |   0.0 |  1031
           D:2 |       0 |      71 |   0.0 |       0 |      32 |   0.0 |   961
           D:3 |       0 |     116 |   0.0 |       0 |      23 |   0.0 |   441
               +---------+---------+-------+---------+---------+-------+---------
